AoeStats
← Dead"Facil te carreo"Rabbit

Lombardia

508805373Analyzed
4v4 RM · 9d ago on Sep 24, 2026· 37m 32s· 8 players
Game mode
Random Map
Map size
Large (8 player)
Population
200
Speed
Normal
Resources
Standard
Victory
Conquest
Starting age
Dark Age
Ending age
Imperial Age
RankedLock teamsTeams togetherTeam positionsShared explorationLock speedFull tech treeHidden civsTurbo modeCheats
Victory
Defeat
🇨🇱 Khmer · Chile
1320
+9
🇲🇽 Britons · Mexico
1182
+14
🇦🇷 Malians · Argentina
1167
+15
980
+21
🇺🇸 Saxons · United States
1178
-17
🇺🇸 Huns · United States
1146
-15
🇦🇷 Slavs · Argentina
1118
-14
🇫🇷 Vikings · France
1104
-13
CentreColonel41
6:31 Loom
10:59 Feudal Age
16:33 Castle Age
16:45 Double-Bit Axe
16:44 Horse Collar
21:06 Bow Saw
23:23 Heavy Plow
24:00 Forging
25:21 Husbandry
25:32 Bloodlines
26:03 Scale Barding Armor
27:29 Wheelbarrow
29:48 Scale Mail Armor
Calamar100pre
12:18 Feudal Age
13:04 Loom
22:26 Castle Age
29:17 Double-Bit Axe
Flave Tycoon
11:53 Feudal Age
15:58 Castle Age
13:53 Gold Mining
13:57 Double-Bit Axe
13:55 Horse Collar
22:11 Scale Mail Armor
25:03 Chain Mail Armor
26:03 Fletching
26:45 Padded Archer Armor
27:38 Crossbowman
30:41 Wheelbarrow
29:54 Loom
31:01 Ballistics
31:08 Bodkin Arrow
31:33 Leather Archer Armor
35:03 Imperial Age
32:55 Hand Cart
35:56 Arbalester
CFD_Doc
10:19 Feudal Age
11:28 Loom
14:51 Castle Age
17:49 Horse Collar
20:35 Scale Barding Armor
29:52 Double-Bit Axe
Dead"Facil te carreo"Rabbit
0:33 Loom
13:55 Feudal Age
16:36 Double-Bit Axe
24:35 Castle Age
24:54 Crossbowman
25:39 Thumb Ring
29:20 Bow Saw
29:41 Pikeman
32:52 Padded Archer Armor
33:06 Fletching
36:33 Bodkin Arrow
36:54 Leather Archer Armor
Jhasper con manos
9:00 Feudal Age
9:49 Double-Bit Axe
11:25 Loom
11:32 Horse Collar
13:07 Wheelbarrow
19:18 Castle Age
17:45 Gold Mining
18:13 Scale Barding Armor
19:12 Bloodlines
19:50 Loom
20:24 Bow Saw
20:36 Husbandry
20:47 Heavy Plow
21:15 Chain Barding Armor
23:48 Forging
28:26 Hand Cart
28:34 Stone Mining
MAX POWER
11:58 Feudal Age
11:55 Loom
15:45 Castle Age
13:45 Gold Mining
15:07 Double-Bit Axe
15:05 Horse Collar
21:33 Forging
23:32 Heavy Plow
24:01 Scale Mail Armor
24:55 Bow Saw
25:53 Iron Casting
26:43 Chain Mail Armor
27:11 Squires
26:56 Arson
29:50 Town Watch
30:41 Wheelbarrow
33:45 Fletching
Patroncio
11:48 Feudal Age
14:26 Loom
17:13 Castle Age
15:51 Double-Bit Axe
16:00 Fletching
17:18 Crossbowman
20:01 Padded Archer Armor
21:07 Bodkin Arrow
22:53 Horse Collar
24:32 Bow Saw
26:36 Wheelbarrow
30:31 Gold Mining
32:24 Leather Archer Armor
32:22 Heavy Plow
36:51 Imperial Age
35:10 Hand Cart
35:03 Scale Barding Armor
35:34 Town Watch
38:52 Two-Man Saw
Connection lost

Rejoining the realm…

Still unreachable

The connection could not be restored.

Session expired

The server has moved on; the page needs a fresh start.